AoeStats
← John Hurtin

Arabia

509410653Analyzed
2v2 RM · 6d ago on Sep 26, 2026· 62m 17s· 4 players
Game mode
Random Map
Map size
Medium (4 player)
Population
200
Speed
Normal
Resources
Standard
Victory
Conquest
Starting age
Dark Age
Ending age
Imperial Age
RankedLock teamsTeams togetherTeam positionsShared explorationLock speedFull tech treeHidden civsTurbo modeCheats
Victory
Defeat
🇬🇧 Varangians · United Kingdom
818
+33
🇬🇧 Inca · United Kingdom
818
+33
🇨🇿 Wu · Czechia
827
-38
🇨🇿 Sicilians · Czechia
763
-36
Skitles222
11:44 Feudal Age
15:31 Double-Bit Axe
15:31 Horse Collar
24:58 Castle Age
23:11 Stone Mining
24:03 Gold Mining
25:08 Crossbowman
25:43 Fletching
25:54 Padded Archer Armor
26:09 Forging
27:27 Bow Saw
28:20 Stone Shaft Mining
29:44 Scale Mail Armor
33:47 Iron Casting
32:47 Pikeman
34:36 Chain Mail Armor
36:33 First Crusade
47:58 Imperial Age
45:27 Bodkin Arrow
45:37 Scale Barding Armor
45:48 Leather Archer Armor
45:37 Caravan
46:08 Coinage
49:59 Chain Barding Armor
50:08 Light Cavalry
Dr460n1um-CZ
13:10 Feudal Age
14:53 Loom
18:21 Double-Bit Axe
21:19 Horse Collar
27:43 Castle Age
27:32 Wheelbarrow
29:29 Bow Saw
29:22 Heavy Plow
29:33 Scale Barding Armor
31:52 Chain Barding Armor
34:51 Hand Cart
37:24 Ballistics
37:34 Fletching
44:22 Padded Archer Armor
48:24 Husbandry
48:39 Bloodlines
48:40 Light Cavalry
John Hurtin
6:42 Loom
10:26 Feudal Age
11:43 Wheelbarrow
10:52 Horse Collar
11:04 Double-Bit Axe
12:31 Champi Runner
19:54 Forging
19:45 Scale Mail Armor
21:34 Gold Mining
25:39 Castle Age
23:34 Stone Mining
26:07 Champi Warrior
26:33 Arson
26:49 Squires
27:06 Fletching
27:54 Iron Casting
27:35 Chain Mail Armor
28:21 Heavy Plow
28:35 Bow Saw
31:23 Hand Cart
32:44 Fletching
32:56 Padded Archer Armor
36:03 Imperial Age
34:19 Padded Archer Armor
34:08 Elite Skirmisher
35:14 Bodkin Arrow
35:44 Leather Archer Armor
37:38 Conscription
39:15 Gold Shaft Mining
39:11 Crop Rotation
39:20 Stone Shaft Mining
38:34 Town Watch
40:08 Elite Kamayuk
41:10 Andean Sling
41:18 Andean Sling
42:51 Blast Furnace
42:52 Thumb Ring
43:18 Ballistics
44:13 Plate Mail Armor
45:49 Chemistry
44:46 Murder Holes
47:51 Fabric Shields
47:17 Elite Champi Warrior
48:19 Arrowslits
50:27 Bracer
50:57 Ring Archer Armor
50:35 Town Patrol
57:05 Masonry
56:36 Treadmill Crane
56:46 Heated Shot
56:47 Guard Tower
57:08 Fortified Wall
57:18 Shipwright
57:08 Clinker Construction
57:09 Careening
57:04 Siege Engineers
56:24 Pikeman
57:08 Caravan
57:38 Coinage
57:19 Guilds
57:54 Hoardings
56:50 Sappers
perpetualsigh
5:50 Loom
9:13 Feudal Age
9:39 Double-Bit Axe
18:55 Wheelbarrow
22:07 Castle Age
23:18 Fletching
23:29 Padded Archer Armor
24:13 Bow Saw
23:49 Horse Collar
26:50 Hand Cart
30:11 Bloodlines
30:02 Husbandry
30:41 Heavy Plow
31:19 Ballistics
33:31 Gold Mining
38:29 Imperial Age
36:45 Scale Mail Armor
36:55 Forging
36:41 Bodkin Arrow
37:03 Leather Archer Armor
40:13 Bracer
40:44 Ring Archer Armor
40:13 Cranequins
42:16 Heavy Mounted Crossbowman
43:36 Capped Ram
47:52 Elite Varangian Guard
48:17 Arson
48:33 Squires
48:19 Gambesons
54:14 Chemistry
53:19 Siege Engineers
Connection lost

Rejoining the realm…

Still unreachable

The connection could not be restored.

Session expired

The server has moved on; the page needs a fresh start.